 Dungeon Crawl Stone Soup version 0.32-a0-468-g38b2580584 (webtiles) character file.

Game seed: 726109443476888560

106 TestPilot the Caller (level 4, -4/30 HPs)
             Began as a Mummy Summoner on Feb 24, 2024.
             Killed from afar by Ijyb (7 damage)
             ... with a puff of flame
             ... on level 3 of the Dungeon.
             The game lasted 00:04:46 (2484 turns).

TestPilot the Caller (Mummy Summoner)               Turns: 2484, Time: 00:04:46

Health: -4/30      AC:  2    Str: 11    XL:     4   Next: 55%
Magic:  4/9        EV: 12    Int: 16    God:
Gold:   117        SH:  0    Dex: 12    Spells: 6/10 levels left

rFire   x . .        e - +0 short sword
rCold   + . .        (no shield)
rNeg    + + +        a - +0 robe
rPois   ∞            (no helmet)
rElec   .            (no cloak)
rCorr   .            (no gloves)
SInv    .            (no boots)
Will    .....        (no amulet)
Stlth   +            (no ring)
HPRegen 0.25/turn    (no ring)
MPRegen 0.11/turn

%: faith
@: inugami summoned, very slow
A: cold resistance 1, negative energy resistance 3, torment resistance 2, heat
vulnerability 1, in touch with death 1, no potions, faith
a: no special abilities


You were on level 3 of the Dungeon.
You visited 1 branch of the dungeon, and saw 3 of its levels.

You collected 117 gold pieces.

Inventory:

Hand Weapons
 e - a +0 short sword (weapon)
Armour
 a - a +0 robe (worn)
Jewellery
 c - a ring of protection from fire
Scrolls
 b - 2 scrolls of identify {unknown}
 d - 2 scrolls of teleportation {unknown}
 g - 2 scrolls of blinking {unknown}
 h - a scroll of fog {unknown}
 i - a scroll of fear {unknown}


   Skills:
 - Level 1.5 Dodging
 - Level 1.5 Stealth
 + Level 3.5 Spellcasting
 * Level 4.0 Summonings
 * Level 2.1 Air Magic


You had 6 spell levels left.
You knew the following spells:

 Your Spells              Type           Power      Damage    Failure   Level
c - Call Canine Familiar  Summ           15%        N/A       10%         3
s - Summon Small Mammal   Summ           60%        N/A       3%          1

Your spell library contained the following spells:

 Spells                   Type           Power      Damage    Failure   Level
 Call Imp                 Summ           30%        N/A       4%          2
 Shock                    Conj/Air       24%        1d4       12%         1
 Mercury Vapours          Alch/Air       12%        N/A       17%         2
 Apportation              Tloc           4%         N/A       19%         1
 Necrotise                Necr           16%        1d4       19%         1
 Sting                    Conj/Alch      8%         1d3       19%         1
 Swiftness                Air            9%         N/A       22%         3
 Mephitic Cloud           Conj/Alch/Air  5%         N/A       36%         3
 Summon Lightning Spire   Summ/Air       12%        N/A       45%         4
 Airstrike                Air            4%         2d(1-17)  58%         4
 Summon Blazeheart Golem  Fire/Summ      9%         N/A       61%         4
 Freezing Cloud           Conj/Ice/Air   2%         6-21      98%         5
 Malign Gateway           Summ/Tloc      4%         N/A       100%        7
 Summon Horrible Things   Summ           7%         N/A       100%        8


Dungeon Overview and Level Annotations

Branches:
Dungeon (3/15)

Altars:

Annotations:
D:3 Ijyb


Innate Abilities, Weirdness & Mutations

You are immune to poison.
Your flesh is cold resistant. (rC+)
You are immune to negative energy. (rN+++)
You are immune to unholy pain and torment.
You are vulnerable to heat. (rF-)
You are in touch with the powers of death.
You do not drink.
You have a special connection with the divine. (Faith)


Message History

Your rat bites Ijyb but does no damage.
Your inugami completely misses Ijyb.
Your bat hits Ijyb but does no damage. You hit Ijyb but do no damage.
Ijyb is moderately wounded.
Your bat barely misses Ijyb.
Ijyb zaps a wand.
The puff of flame hits you! The fire burns you terribly!
Your inugami hits Ijyb.
Your rat bites Ijyb but does no damage.
You hit Ijyb but do no damage.
Ijyb is moderately wounded.
Your bat barely misses Ijyb.
Ijyb hits you with a +0 club.
Your inugami hits Ijyb but does no damage.
Your rat bites Ijyb.
You hit Ijyb.
Ijyb is heavily wounded.
Your bat closely misses Ijyb.
Ijyb zaps a wand.
The puff of flame hits you! The fire burns you terribly!
* * * LOW HITPOINT WARNING * * *
Your rat closely misses Ijyb.
Your inugami closely misses Ijyb.
Your bat barely misses Ijyb.
Unknown command.
You can't drink.
The air fills with toxic fumes!
As you read the scroll labelled ROMPUYKHLIS, it crumbles to dust.
It was a scroll of poison.
Your bat hits Ijyb.
Your bat barely misses Ijyb.
Ijyb hits your bat with a +0 club!
Your bat dies!
Your bat's corpse disappears in a puff of smoke!
Your inugami misses Ijyb.
Your rat barely misses Ijyb.
Unknown command.
You enter the shallow water.
Moving in this stuff is going to be slow.
Your inugami hits Ijyb but does no damage.
Why would you want to do that?
Unknown command.
Why would you want to do that?
Your rat closely misses Ijyb.
Your inugami closely misses Ijyb.
Your rat bites Ijyb but does no damage.
Ijyb zaps a wand.
The puff of flame hits you! The fire burns you terribly!
You die...
Ijyb screams, "Time for next experiment!"

.# .... #.#####.... .# $...##
#.##....#.# .# #..
....##.##....#.# ######.#
...#.##....#.# .....#.# ###
#.#§§...#.#.# ####.#.# ~~~~##
###§§§§........ <.[#r#.#
~≈≈~~~####.h.§§§.....#~~ ..##.#.#
~≈≈≈≈~~~##gr.§§§..<~~~~≈ .....#.#
#~~§§§§@§§§####~~~~~≈≈≈≈
..####.####~§§§§§§§§§~~~~≈≈≈≈≈≈≈~
..........###§§§§§§§§§≈≈≈≈≈≈≈~~~~
..........# ###§§§§§§§§≈≈~~~~~###
..........########§§§§§§~~#######
..................§§§§§§§........
........†.######################.
..#.......# ## ..#..>....#


You could see Ijyb (ally target) and a friendly rat (summoned).

Vanquished Creatures
  2 adders
  A dart slug (D:1)
  A ball python (D:1)
  An endoplasm (D:2)
  2 giant cockroaches
  4 hobgoblins
  4 kobolds
  2 quokkas
  2 bats
  A frilled lizard (D:1)
  2 rats
22 creatures vanquished.

Vanquished Creatures (collateral kills)
  Jessica (D:2)
  2 ribbon worms (D:2)
  A dart slug (D:2)
  2 endoplasms
  3 giant cockroaches (D:1)
  3 goblins
  A hobgoblin (D:1)
  2 jackals (D:2)
  2 quokkas (D:1)
  4 ball pythons
  A frilled lizard (D:2)
  4 kobolds
  A rat (D:1)
27 creatures vanquished.

Grand Total: 49 creatures vanquished

Notes
Turn   | Place    | Note
-------+----------+-------------------------------------------
     0 | D:1      | TestPilot the Mummy Summoner began the quest for the Orb.
     0 | D:1      | Reached XP level 1. HP: 13/13 MP: 4/4
   323 | D:1      | Reached XP level 2. HP: 19/19 MP: 1/5
   522 | D:1      | Reached skill level 1 in Air Magic
   774 | D:1      | Found a faded altar of an unknown god.
  1119 | D:1      | Reached XP level 3. HP: 20/24 MP: 4/7
  1526 | D:2      | Noticed Jessica
  1544 | D:2      | Killed Jessica
  1545 | D:2      | Reached XP level 4. HP: 14/30 MP: 3/9
  1997 | D:2      | Reached skill level 4 in Summonings
  2247 | D:2      | Learned a level 3 spell: Call Canine Familiar
  2465 | D:3      | Noticed Ijyb
  2484 | D:3      | Killed from afar by Ijyb

Illustrated notes

Levels and vault maps discovered:
D:1:      co_arrival_random_square_maze, layout_basic,
          ebering_ecumenical_altar_webs
D:2:      layout_rooms, basic_altar, hangedman_glass_teeth,
          chequers_serial_rivers_small_3, uniq_jessica
D:3:      wander_river, layout_basic, nzn_overflow_gifts_of_might_and_magic,
          mainiacjoe_overflow_paths, mainiacjoe_overflow_six_doors_small,
          minmay_misc_feat_encased, uniq_ijyb, uniq_sigmund

Skill      XL: |  1  2  3  4 |
---------------+-------------+-----
Spellcasting   | 3 |  3.5
Air Magic      | 1 2 |  2.1
Summonings     | 4 |  4.0
Dodging        | |  1.5
Stealth        | |  1.5

Action                     |  1- 3 |  4- 6 || total
---------------------------+-------+-------++-------
  Melee: Unarmed           |    60 |       ||    60
         Short sword       |    29 |    46 ||    75
         Punch             |     1 |       ||     1
   Cast: Summon Small Mamm |    70 |    27 ||    97
         Call Canine Famil |       |     2 ||     2
    Use: Scroll            |       |     1 ||     1
   Stab: Distracted        |     1 |       ||     1
 Armour: Robe              |    60 |    29 ||    89
  Dodge: Dodged            |    75 |    32 ||   107

Table legend: (Time is in decaauts)
 A = Elapsed time spent in this place.
 B = Non-inter-level travel time spent in this place.
 C = Inter-level travel time spent in this place.
 D = Time resting spent in this place.
 E = Time spent auto-exploring this place.
 F = Levels seen in this place.
 G = Mean time per level.
                   A        B        C        D        E       F      G
               +--------+--------+--------+--------+--------+-----+--------+
         Total |   2488 |   2379 |    109 |     58 |   1754 |   3 |  829.3 |
       Dungeon |   2488 |   2379 |    109 |     58 |   1754 |   3 |  829.3 |
               +--------+--------+--------+--------+--------+-----+--------+

Top non-repeatable levels by time:
     D:1: 1354 daAuts
     D:2: 954 daAuts
     D:3: 179 daAuts
